 Dungeon Crawl Stone Soup version 0.31-a0-4-gefa6de2278 (webtiles) character file.

Game seed: 167691019302609420

140 Orangeyouglad the Poker (level 5, 0/42 HPs)
             Began as a Human Monk on May 4, 2023.
             Succumbed to an orc priest's poison
             ... on level 3 of the Dungeon.
             The game lasted 00:07:10 (2485 turns).

Orangeyouglad the Poker (Human Monk)                Turns: 2485, Time: 00:07:11

Health: 0/42       AC:  6    Str: 14    XL:     5   Next: 47%
Magic:  6/6        EV: 12    Int: 10    God:
Gold:   190        SH:  0    Dex: 15    Spells: 3/6 levels left

rFire   . . .        a - +0 spear
rCold   . . .        d - orb {light}
rNeg    . . .        q - +0 ring mail
rPois   .            e - +0 helmet
rElec   .            (no cloak)
rCorr   .            (no gloves)
SInv    .            (no boots)
Will    .....        (no amulet)
Stlth   +            (no ring)
HPRegen 0.27/turn    (no ring)
MPRegen 0.10/turn

%: no passive effects
@: lethally poisoned (0 -> -31), glowing
A: no striking features
a: no special abilities


You were on level 3 of the Dungeon.
You visited 1 branch of the dungeon, and saw 3 of its levels.

You collected 190 gold pieces.

Inventory:

Hand Weapons
 a - a +0 spear (weapon)
 o - a +0 sling
Armour
 b - a +0 robe
 d - an orb of light (worn)
 e - a +0 helmet (worn)
 q - a +0 ring mail (worn)
Scrolls
 f - 2 scrolls of magic mapping {unknown}
 g - 2 scrolls of identify {unknown}
 h - a scroll of blinking {unknown}
 j - a scroll of teleportation {unknown}
 l - a scroll of immolation {unknown}
 m - a scroll of noise {unknown}
 r - a scroll of vulnerability {unknown}
Potions
 c - a potion of heal wounds {unknown}
 i - 2 potions of degeneration {unknown}
 k - a potion of attraction {unknown}
 p - a potion of curing {unknown}


   Skills:
 + Level 3.8 Fighting
 + Level 3.8 Polearms
 + Level 3.8 Dodging
 - Level 1.0 Spellcasting
 + Level 1.4 Translocations


You had 3 spell levels left.
You knew the following spells:

 Your Spells              Type           Power      Damage    Failure   Level
a - Gell's Gravitas       Tloc           3%         N/A       75%         3

Your spell library contained the following spells:

 Spells                   Type           Power      Damage    Failure   Level
 Teleport Other           Tloc           3%         N/A       75%         3
 Dispersal                Tloc           1%         N/A       100%        6


Dungeon Overview and Level Annotations

Branches:
Dungeon (3/15)

Altars:

Annotations:
D:2 Sigmund


Message History

The orc priest hits you but does no damage.
You are lethally poisoned!
You hit the orc priest but do no damage.
The orc priest is moderately wounded.
You feel very sick.
Okay, then.
You aren't carrying any items that you can evoke.
Unknown command.
You are confused.
You feel invigorated.
You feel very sick.
The orc priest calls down the wrath of Beogh upon you.
You barely resist.
You feel very sick.
The orc priest hits you but does no damage.
You are lethally poisoned!
You are too injured to fight recklessly!
You hit the orc priest.
The orc priest is heavily wounded.
You feel very sick. The orc priest closely misses you.
You hit the orc priest.
The orc priest is heavily wounded.
You feel very sick. The orc priest barely misses you.
You feel less invigorated.
You feel less confused.
You feel very sick.
The orc priest hits you but does no damage.
You are lethally poisoned!
You hit the orc priest.
The orc priest is severely wounded.
* * * LOW HITPOINT WARNING * * *
You feel very sick.
The orc priest hits you with a +0 dagger of venom.
* * * LOW HITPOINT WARNING * * *
You are more poisoned.
You hit the orc priest.
You kill the orc priest!
You die...

# ## ############## ##.
##......#.....## #..
##..............## #..
#................# #..
#................# #..
#................# #..
#......)@........## #..
#.................# #..
#######.................#####..
#....###................).)....
#....####......).....##.####...
#...............###...#......#.
#.....###.#..#### ###|###.#.###
#.....# #.#.## ##.###.#.###
#.....# #.#.# #......#...#


There were no monsters in sight!

Vanquished Creatures
  An orc priest (D:3)
  Jessica (D:3)
  3 gnolls
  2 adders (D:2)
  A dart slug (D:1)
  5 orcs
  5 ball pythons
  9 bats
  8 endoplasms
  A giant cockroach (D:2)
  3 goblins
  4 hobgoblins
  4 kobolds
  5 quokkas
  6 rats
58 creatures vanquished.

Vanquished Creatures (others)
  8 plants (D:3)
8 creatures vanquished.

Grand Total: 66 creatures vanquished

Notes
Turn   | Place    | Note
-------+----------+-------------------------------------------
     0 | D:1      | Orangeyouglad the Human Monk began the quest for the Orb.
     0 | D:1      | Reached XP level 1. HP: 18/18 MP: 1/1
   154 | D:1      | Reached XP level 2. HP: 18/24 MP: 2/2
   251 | D:1      | Reached XP level 3. HP: 26/29 MP: 2/4
   363 | D:1      | Reached skill level 1 in Spellcasting
   550 | D:1      | Found a faded altar of an unknown god.
   744 | D:2      | Learned a level 3 spell: Gell's Gravitas
   920 | D:2      | Noticed Sigmund
   964 | D:3      | Reached XP level 4. HP: 21/35 MP: 5/5
  1700 | D:2      | Reached skill level 1 in Translocations
  1958 | D:3      | Reached XP level 5. HP: 27/42 MP: 6/6
  2253 | D:3      | Noticed Jessica
  2262 | D:3      | Killed Jessica
  2485 | D:3      | Succumbed to an orc priest's poison

Illustrated notes

Levels and vault maps discovered:
D:1:      dpeg_arrival_shelter, layout_basic, dilly_ecumenical_altar_fadedgnrine
D:2:      layout_basic, uniq_sigmund
D:3:      cheibrodos_old_hovel, layout_rooms, uniq_jessica

Skill      XL: |  1  2  3  4 |
---------------+-------------+-----
Spellcasting   | 1 |  1.0
Translocations | 1 |  1.4
Fighting       | |  3.8
Polearms       | |  3.8
Dodging        | |  3.8

Action                     |  1- 3 |  4- 6 || total
---------------------------+-------+-------++-------
  Melee: Spear             |   128 |   104 ||   232
   Fire: Sling             |       |    14 ||    14
    Use: Potion            |     1 |     1 ||     2
   Stab: Sleeping          |     1 |       ||     1
 Armour: Robe              |    22 |    21 ||    43
         Ring mail         |       |     5 ||     5
  Dodge: Dodged            |    79 |    94 ||   173

Table legend: (Time is in decaauts)
 A = Elapsed time spent in this place.
 B = Non-inter-level travel time spent in this place.
 C = Inter-level travel time spent in this place.
 D = Time resting spent in this place.
 E = Time spent auto-exploring this place.
 F = Levels seen in this place.
 G = Mean time per level.
                   A        B        C        D        E       F      G
               +--------+--------+--------+--------+--------+-----+--------+
         Total |   2474 |   2417 |     57 |    479 |    819 |   3 |  824.7 |
       Dungeon |   2474 |   2417 |     57 |    479 |    819 |   3 |  824.7 |
               +--------+--------+--------+--------+--------+-----+--------+

Top non-repeatable levels by time:
     D:2: 1020 daAuts
     D:3: 729 daAuts
     D:1: 724 daAuts
